 Dungeon Crawl Stone Soup version 0.30-a0-722-g3e6e8c874d (webtiles) character file.

Game seed: 5279247195215619251

57457 cforsyth the Summoner (level 14, 0/108 HPs)
             Began as a Demonspawn Summoner on Jan 27, 2023.
             Was an Initiate of Gozag.
             Slain by a catoblepas (82 damage)
             ... on level 5 of the Lair of Beasts on Jan 28, 2023.
             The game lasted 01:17:37 (30990 turns).

cforsyth the Summoner (Demonspawn Summoner)        Turns: 30990, Time: 01:17:38

Health: 0/108      AC:  8    Str: 10    XL:     14   Next: 45%
Magic:  28/29      EV:  2    Int: 34    God:    Gozag
Gold:   1639       SH:  0    Dex: 12    Spells: 5/36 levels left

rFire   + + .      SeeInvis .    X - +7 war axe of Due Proportion {freeze, rElec rCorr Int+2 Dex-4}
rCold   + . .      Faith    .    (no shield)
rNeg    . . .      Spirit   .    a - +2 robe {rF+}
rPois   .          Reflect  .    m - +1 helmet
rElec   +          Harm     .    Z - scarf {rC+ rF+}
rCorr   +          Rampage  .    I - +0 pair of gloves
Will    +....                    H - +0 pair of boots
Stlth   +++                      S - amulet of magic regeneration
HPRegen 2.38/turn                Y - +6 ring of intelligence
MPRegen 0.61/turn                W - +6 ring of intelligence

@: sleeping, gold aura, studying 2 skills
A: claws 2, thin skeletal structure 1, powered by death 2, demonic magic 2
a: Renounce Religion, Potion Petition, Call Merchant, Bribe Branch


You were on level 5 of the Lair of Beasts.
You worshipped Gozag.
Gozag was most pleased with you.
You visited 3 branches of the dungeon, and saw 18 of its levels.
You also visited: Ice Cave and Volcano.

You collected 5383 gold pieces.
You spent 2032 gold pieces at shops.
You paid 1712 gold pieces to Gozag.

Inventory:

Hand Weapons
 X - the +7 war axe of Due Proportion (weapon) {freeze, rElec rCorr Int+2 Dex-4}
   (You found it on level 2 of the Lair of Beasts)

   Int:       It affects your intelligence (+2).
   Dex:       It affects your dexterity (-4).
   rElec:     It insulates you from electricity.
   rCorr:     It protects you from acid and corrosion.
Armour
 a - a +2 robe of fire resistance (worn)
 m - a +1 helmet (worn)
 H - a +0 pair of boots (worn)
 I - a +0 pair of gloves (worn)
 K - a +2 leather armour of fire resistance
 Z - a scarf of resistance (worn)
Jewellery
 c - a +6 ring of strength
 h - a ring of positive energy
 w - the Hermit's Pendant {Faith Invo=14 Evo=0 MP+5}
   (You found it on level 5 of the Dungeon)

   [amulet of faith]

   Invo=14: It sets your Invocations skill to 14.
   Evo=0: It sets your Evocations skill to 0.
   It allows you to gain divine favour quickly.
   MP:        It affects your magic capacity (+5).
 B - a ring of protection from fire
 F - an amulet of reflection
 P - a ring of fire
 Q - a ring of magical power
 R - a ring of resist corrosion
 S - an amulet of magic regeneration (around neck)
 T - the ring of Soplesm {Str+7 Dex+3 SInv}
   (You found it in an ice cave)

   [ring of see invisible]

   Str:       It affects your strength (+7).
   Dex:       It affects your dexterity (+3).
   SInv:      It lets you see invisible.
 W - a +6 ring of intelligence (right hand)
 Y - a +6 ring of intelligence (left hand)
Wands
 b - a wand of mindburst (10)
 s - a wand of polymorph (5)
 y - a wand of roots (19)
 C - a wand of paralysis (12)
 E - a wand of acid (4)
 L - a wand of digging (9)
 V - a wand of flame (22)
Scrolls
 e - 7 scrolls of butterflies
 f - 2 scrolls of immolation
 i - 2 scrolls of silence {unknown}
 j - 2 scrolls of amnesia
 k - 7 scrolls of fog
 l - 9 scrolls of teleportation
 o - 3 scrolls of enchant weapon
 p - 3 scrolls of vulnerability
 q - 3 scrolls of magic mapping
 v - 4 scrolls of blinking
 z - a scroll of brand weapon
 A - 2 scrolls of fear
 D - 4 scrolls of enchant armour
Potions
 d - 12 potions of curing
 g - 3 potions of flight
 n - 2 potions of berserk rage
 r - 4 potions of mutation
 t - 5 potions of lignification
 u - 3 potions of resistance
 x - 2 potions of brilliance
 G - 3 potions of heal wounds
 J - 2 potions of might
 M - 3 potions of invisibility
 U - 3 potions of haste


   Skills:
 - Level 9.3 Fighting
 - Level 8.8 Dodging
 - Level 1.7 Stealth
 - Level 11.5 Spellcasting
 - Level 5.0 Hexes
 - Level 12.9 Summonings
 + Level 8.0 Transmutations
 + Level 12.4 Air Magic


You had 5 spell levels left.
You knew the following spells:

 Your Spells              Type           Power      Damage    Failure   Level
a - Storm Form            Tmut/Air       36%        N/A       28%         7
b - Call Imp              Summ           82%        N/A       1%          2
c - Call Canine Familiar  Summ           82%        N/A       1%          3
d - Summon Guardian Gole  Hex/Summ       69%        N/A       1%          3
e - Summon Lightning Spi  Summ/Air       82%        N/A       1%          4
f - Summon Forest         Summ/Tloc      29%        N/A       4%          5
g - Summon Cactus Giant   Summ           41%        N/A       1%          6
h - Summon Small Mammal   Summ           100%       N/A       0%          1

Your spell library contained the following spells:

 Spells                   Type           Power      Damage    Failure   Level
 Sting                    Tmut/Pois      100%       1d8       1%          1
 Ensorcelled Hibernation  Hex/Ice        72%        N/A       1%          2
 Poisonous Vapours        Pois/Air       100%       N/A       1%          2
 Mephitic Cloud           Conj/Pois/Air  47%        N/A       1%          3
 Spider Form              Tmut/Pois      46%        N/A       1%          3
 Tukima's Dance           Hex            52%        N/A       1%          3
 Silence                  Hex/Air        34%        N/A       1%          5
 Freeze                   Ice            76%        1d8       2%          1
 Magic Dart               Conj           76%        1d6       2%          1
 Necrotise                Necr           76%        1d7       2%          1
 Dazzling Flash           Conj/Hex       72%        N/A       2%          3
 Portal Projectile        Hex/Tloc       72%        N/A       2%          3
 Blade Hands              Tmut           32%        N/A       2%          5
 Blink                    Tloc           38%        N/A       3%          2
 Lesser Beckoning         Tloc           38%        N/A       3%          2
 Momentum Strike          Conj/Tloc      38%        3d9       3%          2
 Scorch                   Fire           38%        2d7       3%          2
 Searing Ray              Conj           38%        2d5       3%          2
 Sublimation of Blood     Necr           19%        N/A       3%          2
 Ice Form                 Ice/Tmut       46%        N/A       4%          4
 Arcjolt                  Conj/Air       29%        1d39      4%          5
 Lightning Bolt           Conj/Air       29%        1d45      4%          5
 Frozen Ramparts          Ice            38%        1d6       7%          3
 Gell's Gravitas          Tloc           19%        N/A       7%          3
 Hailstorm                Conj/Ice       19%        3d6       7%          3
 Ozocubu's Armour         Ice            19%        N/A       7%          3
 Teleport Other           Tloc           19%        N/A       7%          3
 Vampiric Draining        Necr           19%        2d7       7%          3
 Anguish                  Hex/Necr       18%        N/A       9%          4
 Fulminant Prism          Conj/Hex       18%        3d10      9%          4
 Flame Wave               Conj/Fire      19%        2d7       22%         4
 Iskenderun's Mystic Bla  Conj/Tloc      19%        2d6       22%         4
 Manifold Assault         Tloc           19%        N/A       22%         4
 Olgreb's Toxic Radiance  Pois           19%        N/A       22%         4
 Agony                    Necr           19%        N/A       54%         5
 Dispersal                Tloc           9%         N/A       98%         6
 Starburst                Conj/Fire      9%         6d5       98%         6
 Ozocubu's Refrigeration  Ice            9%         4d9       100%        7
 Borgnjor's Revivificati  Necr           9%         N/A       100%        8
 Disjunction              Tloc           9%         N/A       100%        8
 Necromutation            Tmut/Necr      23%        N/A       100%        8
 Death's Door             Necr           9%         N/A       100%        9
 Simulacrum               Ice/Necr       Unusable   N/A       N/A         6

Dungeon Overview and Level Annotations

Branches:
Dungeon (12/15)            Temple (1/1) D:7            Lair (5/5) D:9
  Swamp (0/4) Lair:3       Spider (0/4) Lair:3        Slime (0/5) Lair:5
    Orc (0/2) D:9           IceCv (visited)         Volcano (visited)

Altars:
Ashenzari
Cheibriados
Fedhas
Gozag
Hepliaklqana
Kikubaaqudgha
Makhleb
Nemelex Xobeh
Okawaru
Qazlal
Ru
Sif Muna
Trog
Uskayaw
Vehumet
Wu Jian
Xom
Yredelemnul

Shops:
D:5 [   D:7 :[=   D:10 *   Lair:1 ::

Annotations:
D:5 3 runed translucent doors, Adverbial's ghost, amateur HOMo; Dittersdorf's ghost, novice GrFi; RapScallion's ghost, novice HOFi; bronco's ghost, novice DjEE


Innate Abilities, Weirdness & Mutations

You have very sharp fingernails.
You have a somewhat thin skeletal structure. (Dex +2, Stealth+)
You regenerate health from kills.
Spells you cast may paralyse nearby enemies.


Message History

Unknown command.
Unknown command.
Unknown command.
The helpless catoblepas fails to defend itself.
You hit the catoblepas. You freeze the catoblepas.
The catoblepas is moderately wounded.
The catoblepas is no longer paralysed.
Your shadow imp is no longer petrified.
The cane toad is no longer paralysed.
The wolf stops moving altogether!
The catoblepas gores you!
Unknown command.
Unknown command.
Unknown command.
The catoblepas bellows!
The dream sheep bleats!
You slash the catoblepas! You freeze the catoblepas.
The catoblepas is heavily wounded.
The catoblepas is no longer distracted by gold.
The dream sheep is no longer distracted by gold.
The catoblepas breathes a plume of calcifying dust at you.
The blast of calcifying dust hits you.
The dream sheep is struck by your cactus giant's spines.
The dream sheep dies!
Your shadow imp hits the catoblepas.
The catoblepas misses you.
The dream sheep ruffles its wool and motes of dream dust sparkle, to no effect.
Your shadow imp hits the catoblepas but does no damage.
Your cactus giant hits the catoblepas with a +0 giant spiked club!
Unknown command.
Unknown command.
Unknown command.
The water moccasin is struck by your cactus giant's spines.
The water moccasin bites your cactus giant!
The dream sheep shake their wool and sparkle.
You feel drowsy...
You fall asleep.
The catoblepas gores your shadow imp!!
Your shadow imp dies!
Your shadow imp disappears in a puff of smoke!
The catoblepas gores you!!!!
Ouch! That really hurt!
You die...
Your body crumbles into a pile of gold.

..,*,*,...........$...$..§.......
,,,,,,,...........$.....§........
,,,,,,,.......8....$.............
,,,,,,,........h...h.8...........
,,,,,,,.....Y.F.8.............###
,,,,,,,.......D..Y.8....#######
,,,,,,,.....YSh8§.....###
,,,,,,,....###CY....### ***
,,,,,,,...** ##§@....#* ****,,
,^,,,,,,.,* *#.§.###PP# *,,,,8
,,,,,,,,,***#..§##**### **,,,,
,,,,,,,,,* #...##*,*** ***,8,
,,,,,,,,,* #..#*,,,,,** *,,,,,
,,,,,,,,,**#..,,,,*,,,*** **,,**,
,,,,,,,,***...,,,**,,,,,***,,****
,,,,,,,,* ##..,,****,,,,,,,,** *
,,,,,,,,* **,*** **,***,,,** *


You could see 2 catoblepae, an eight-headed hydra (petrified), a cane toad
(petrified), a water moccasin, 3 wolves, 2 dream sheep and a friendly cactus
giant (summoned).

Vanquished Creatures
  An orc sorcerer (Volcano)
  A basilisk (Lair:3)
  An acid dragon (D:11)
  A water moccasin (Lair:2)
  A wolf (Lair:2)
  A bullfrog (Lair:4)
  A wight (D:6)
  A killer bee (D:10)
  2 hounds
  2 adders
  A bat (D:1)
  A hobgoblin (D:1)
  3 kobolds
  2 rats
19 creatures vanquished.

Vanquished Creatures (collateral kills)
  4 hydras
  Erolcha (D:12)
  A catoblepas (Lair:5)
  2 ice dragons
  A two-headed ogre (D:10)
  2 death yaks
  2 skeletal warriors (D:11)
  A bog body (Lair:3)
  2 lindwurms
  A manticore (D:12)
  3 black mambas
  2 ice statues (IceCv)
  2 torpor snails
  A smoke demon (Volcano)
  12 cane toads
  2 kobold demonologists (D:10)
  An unseen horror (D:5)
  8 rime drakes
  13 komodo dragons
  A red devil (Volcano)
  4 trolls
  4 polar bears (Lair:2)
  A hornet (Lair:4)
  2 tarantellas (Lair:3)
  10 blink frogs
  3 nameless horrors (IceCv)
  A dream sheep (Lair:5)
  A jumping spider (Lair:3)
  3 slime creatures (D:12)
  5 wyverns
  4 basilisks
  3 wraiths
  A dire elephant simulacrum (Lair:2)
  A vampire (D:12)
  4 hogs (D:7)
  35 yaks
  A human (D:7)
  Grum (D:9)
  3 vampire mosquitoes (D:12)
  3 acid dragons
  3 hell hounds (Volcano)
  Duvessa (D:6)
  11 water moccasins
  An ice beast (D:7)
  2 ogres
  2 orc warriors
  4 black bears
  9 wolves
  The ghost of mandarbmax the Vexing, an amateur FoHs (D:3)
  3 centaurs
  A phantom (D:6)
  17 kobold brigands
  12 bullfrogs
  Blork the orc (D:4)
  3 gnoll sergeants
  A cane toad simulacrum (Lair:2)
  A necrophage (D:8)
  6 scorpions
  Dowan (D:6)
  8 wights
  12 killer bees
  2 lindwurm simulacra (IceCv)
  3 howler monkeys
  5 electric eels
  6 komodo dragon simulacra (IceCv)
  5 orc priests
  5 hounds
  4 iguanas
  5 orc wizards
  2 hell rats (Lair:4)
  7 acid dragon simulacra (IceCv)
  12 gnolls
  A naga simulacrum (Lair:2)
  7 river rats (Lair:4)
  4 adders
  2 shadow imps
  5 white imps
  4 steam dragon simulacra (IceCv)
  An ufetubus (D:7)
  2 dart slugs
  40 orcs
  5 endoplasms
  A giant cockroach (D:1)
  5 goblins
  8 hobgoblins
  2 jackals (D:2)
  5 quokkas
  3 ball pythons
  2 bats
  2 frilled lizards (D:2)
  24 kobolds
  5 rats
436 creatures vanquished.

Vanquished Creatures (others)
  Jorgrun (D:12)
  A hydra (Lair:4)
  An ogre mage (D:10)
  2 two-headed ogres
  2 skeletal warriors (D:11)
  A pharaoh ant (Lair:3)
  A manticore (D:12)
  A cane toad (Lair:4)
  A rime drake (IceCv)
  A kobold demonologist (D:10)
  2 ice devils (Lair:2)
  3 trolls
  A hornet (D:6)
  2 slime creatures (D:12)
  2 wraiths
  16 yaks
  2 basilisks
  A steam dragon (D:8)
  4 orc warriors
  3 wolves
  2 centaurs
  2 bullfrogs
  7 kobold brigands (D:10)
  3 wights
  3 killer bees
  A komodo dragon simulacrum (IceCv)
  2 hounds
  2 iguanas
  2 hell rats (Lair:4)
  An acid dragon simulacrum (IceCv)
  3 orcs (D:9)
  A kobold (D:6)
  32 fungi
  72 plants
  2 withered plants (D:5)
183 creatures vanquished.

Grand Total: 638 creatures vanquished

Notes
Turn   | Place    | Note
-------+----------+-------------------------------------------
     0 | D:1      | cforsyth the Demonspawn Summoner began the quest for the
                  | Orb.
     0 | D:1      | Reached XP level 1. HP: 13/13 MP: 3/3
   289 | D:1      | Gained mutation: Spells you cast may paralyse adjacent
                  | enemies. [demonic ancestry]
   289 | D:1      | Reached XP level 2. HP: 15/19 MP: 1/5
   292 | D:1      | Learned a level 2 spell: Call Imp
  1464 | D:2      | Reached XP level 3. HP: 24/24 MP: 1/7
  1468 | D:2      | Learned a level 3 spell: Call Canine Familiar
  1677 | D:2      | Reached skill level 5 in Summonings
  1677 | D:2      | Reached XP level 4. HP: 30/30 MP: 1/8
  1681 | D:2      | Learned a level 3 spell: Summon Guardian Golem
  2646 | D:3      | Found a runed translucent gate.
  2647 | D:3      | Found a runed translucent gate.
  2648 | D:3      | Found a runed translucent gate.
  2648 | D:3      | Noticed mandarbmax's ghost (amateur FoHs)
  2651 | D:3      | Noticed a kobold brigand
  2775 | D:3      | Found a shimmering altar of Xom.
  3075 | D:4      | Noticed Blork the orc
  3090 | D:4      | Killed Blork the orc
  3091 | D:4      | Reached skill level 1 in Hexes
  3091 | D:4      | Gained mutation: You regenerate a little health from kills.
                  | [demonic ancestry]
  3091 | D:4      | Reached XP level 5. HP: 35/35 MP: 4/10
  3324 | D:4      | Reached XP level 6. HP: 31/41 MP: 1/12
  3848 | D:4      | Found a basalt altar of Yredelemnul.
  4191 | D:5      | Entered Level 5 of the Dungeon
  4191 | D:5      | Found Ecurep's Antique Armour Shoppe.
  4199 | D:5      | Gained mutation: You have sharp fingernails. [demonic
                  | ancestry]
  4199 | D:5      | Reached XP level 7. HP: 46/46 MP: 6/13
  4525 | D:5      | Found a runed translucent gate.
  4526 | D:5      | Found a runed translucent gate.
  4575 | D:5      | Reached skill level 5 in Spellcasting
  4850 | D:5      | Found a faded altar of an unknown god.
  4850 | D:5      | Found the Hermit's Pendant {Faith Invo=14 Evo=0 MP+5}
  5144 | D:5      | Found a stormy altar of Qazlal.
  5202 | D:5      | Found a runed translucent gate.
  5203 | D:5      | Noticed Adverbial's ghost (amateur HOMo)
  5203 | D:5      | Noticed Dittersdorf's ghost (novice GrFi)
  5204 | D:5      | Noticed bronco's ghost (novice DjEE)
  5204 | D:5      | Noticed RapScallion's ghost (novice HOFi)
  5873 | D:6      | Noticed Duvessa
  5881 | D:6      | Noticed Dowan
  5897 | D:6      | Killed Duvessa
  5898 | D:6      | Reached XP level 8. HP: 35/52 MP: 4/16
  5985 | D:6      | Killed Dowan
  6050 | D:6      | Noticed a hornet
  6065 | D:6      | Killed a hornet
  6066 | D:6      | Reached skill level 5 in Hexes
  6144 | D:6      | Found an ancient bone altar of Kikubaaqudgha.
  7187 | D:7      | Found Nyihit's Antique Armour Shop.
  7658 | D:7      | Gained mutation: You have very sharp fingernails. [demonic
                  | ancestry]
  7658 | D:7      | Reached XP level 9. HP: 57/57 MP: 16/19
  7667 | D:7      | Found a staircase to the Ecumenical Temple.
  7711 | Temple   | Entered the Ecumenical Temple
  7735 | Temple   | Became a worshipper of Gozag Ym Sagoz the Greedy
  7838 | D:7      | Learned a level 4 spell: Summon Lightning Spire
  8037 | D:7      | Reached skill level 1 in Air Magic
  8369 | D:7      | Found a bloodstained altar of Trog.
  8949 | D:7      | Found Kajykhas's Book Shoppe.
  9032 | D:7      | Found Ohaurch's Jewellery Emporium.
  9709 | D:8      | Found a snail-covered altar of Cheibriados.
 10002 | D:8      | Gained mutation: Spells you cast may paralyse nearby
                  | enemies. [demonic ancestry]
 10002 | D:8      | Reached XP level 10. HP: 63/63 MP: 11/22
 10022 | D:8      | Reached skill level 10 in Summonings
 10777 | D:9      | Noticed Grum
 10805 | D:9      | Killed Grum
 10923 | D:9      | Found a staircase to the Orcish Mines.
 11502 | D:9      | Found a staircase to the Lair.
 11523 | D:9      | Reached skill level 5 in Air Magic
 11973 | D:9      | Found a hide-covered altar of Uskayaw.
 12854 | D:3      | Killed mandarbmax's ghost
 12935 | D:3      | Learned a level 6 spell: Summon Cactus Giant
 13128 | D:10     | Entered Level 10 of the Dungeon
 13128 | D:10     | Found an ornate altar of the Wu Jian Council.
 13403 | D:10     | Noticed a two-headed ogre
 13415 | D:10     | Killed a two-headed ogre
 13420 | D:10     | Noticed an ogre mage
 13432 | D:10     | Killed an ogre mage
 13433 | D:10     | Reached skill level 10 in Spellcasting
 13733 | D:10     | Found Aeogg's Alliterative Accessories.
 13740 | D:10     | Noticed a two-headed ogre
 13750 | D:10     | Killed a two-headed ogre
 13751 | D:10     | Gained mutation: You regenerate health from kills. [demonic
                  | ancestry]
 13751 | D:10     | Reached XP level 11. HP: 68/68 MP: 12/25
 13939 | D:10     | HP: 1/68 [electric eel/bolt of electricity (13)]
 16492 | D:11     | Noticed a skeletal warrior
 16493 | D:11     | Noticed a skeletal warrior
 16525 | D:11     | Noticed a skeletal warrior
 16530 | D:11     | Noticed a skeletal warrior
 16531 | D:11     | Killed a skeletal warrior
 16903 | D:11     | Killed a skeletal warrior
 17094 | D:11     | Killed a skeletal warrior
 17095 | D:11     | Gained mutation: You have a somewhat thin skeletal
                  | structure. (Dex +2, Stealth+) [demonic ancestry]
 17095 | D:11     | Reached XP level 12. HP: 82/82 MP: 15/27
 17834 | D:11     | Identified the +0 robe of the Plum {rElec}
 18250 | D:12     | Reached skill level 5 in Dodging
 18255 | D:12     | Reached skill level 5 in Fighting
 18418 | D:12     | Noticed a two-headed ogre
 18429 | D:12     | Killed a two-headed ogre
 19348 | D:12     | Noticed Erolcha
 19362 | D:12     | Killed Erolcha
 19607 | D:12     | Noticed Jorgrun
 19624 | D:12     | Killed Jorgrun
 20234 | Lair:1   | Entered Level 1 of the Lair of Beasts
 20313 | Lair:1   | Found a frozen archway.
 20333 | IceCv    | Entered an ice cave
 22780 | IceCv    | Noticed an ice dragon
 22795 | IceCv    | Reached XP level 13. HP: 83/99 MP: 19/28
 23542 | IceCv    | Identified the ring of Soplesm {Str+7 Dex+3 SInv}
 24976 | D:10     | Bought a manual of Air Magic for 1360 gold pieces
 25216 | Lair:2   | Reached skill level 1 in Transmutations
 25509 | Lair:2   | Identified the +7 war axe of Due Proportion {freeze, rElec
                  | rCorr Int+2 Dex-4}
 26550 | Lair:2   | Got Sillaoh's Tome of Kinetic Death
 26716 | Lair:3   | Found a staircase to the Swamp.
 27247 | Lair:3   | Reached skill level 5 in Transmutations
 27375 | Lair:3   | Found a hole to the Spider Nest.
 28353 | Lair:4   | Reached skill level 10 in Air Magic
 28404 | Lair:4   | Reached XP level 14. HP: 102/108 MP: 29/29
 28414 | Lair:4   | Learned a level 7 spell: Storm Form
 29738 | Lair:1   | Bought Progressing With Mysterious Knowledge for 672 gold
                  | pieces
 29747 | Lair:1   | Learned a level 5 spell: Summon Forest
 29823 | Lair:5   | Entered Level 5 of the Lair of Beasts
 29855 | Lair:5   | Found a dark tunnel.
 29864 | Volcano  | Entered a volcano
 30885 | Lair:5   | Identified the +6 morningstar of Toemany {venom, rF+ rC+}
 30990 | Lair:5   | Slain by a catoblepas

Illustrated notes

Levels and vault maps discovered:
D:1:      dpeg_arrival_oval, layout_basic
D:2:      layout_basic, corexii_item_surrounded_by_moat, kennysheep_minor_cross
D:3:      layout_rooms, mainiacjoe_overflow_catwalk,
          gammafunk_ghost_nasty_kobolds, minmay_statues_item
D:4:      black_bear_nest_2, layout_basic, yredelemnul_altar_generic,
          minmay_circle_x, uniq_blork_the_orc
D:5:      old_forge, layout_cave_pools, nicolae_qazlal_eye_of_the_storm,
          gammafunk_ghost_cemetery, serial_shops, shop,
          hellmonk_guarded_unrand_hermit
D:6:      layout_gridville, overflow_temple_1_default, uniq_duvessa
D:7:      layout_loops_cross, trog_butcher_becter,
          minmay_temple_entry_statues_fountains, serial_shops, shop,
          nicolae_square_shop, shop, grunt_livestock
D:8:      layout_loops_ring, lemuel_doored_altar
D:9:      layout_loops_corners, nicolae_uskayaw_suspiria, erik_lair_island,
          david_orc_5, uniq_grum
D:10:     layout_basic, mainiacjoe_overflow_tiny_flanked, special_room
          [special_room_kobold], serial_bayou_ford_a, st_stairs_4,
          dk_vineyard_1, nicolae_alphabet_shops, grunt_decor_one_mirror,
          kennysheep_island_fort
D:11:     layout_roguey, serial_co_window_serial, co_window_corner_a,
          co_window_paths_a, co_window_corner_a, co_window_paths_b,
          co_window_paths_b, co_window_of_opportunity_a, co_window_paths_b,
          co_window_of_opportunity_a, co_window_paths_a, co_window_cross_2,
          co_window_2corner, co_window_unsneaky_path_c,
          co_window_unsneaky_path_d, co_window_sun
D:12:     layout_stronghold, uniq_jorgrun, uniq_erolcha
Temple:   eino_temple_lava
Lair:1:   layout_long_grid, portal_ice_cave_entry_pillars_1,
          beast_lair_carwin_10, serial_bayou_shore_a
Lair:2:   dreamdust_isle_of_ice, layout_small_grid, serial_rivers,
          chequers_serial_rivers_small_a, chequers_serial_rivers_marsh,
          chequers_serial_rivers_large_a, chequers_serial_rivers_micro_c,
          chequers_serial_rivers_small_3, chequers_serial_rivers_small_3
Lair:3:   hellmonk_destroyed_diamonds, layout_hall_layers,
          skrybe_swamp_entry_bodies, nicolae_spider_entry_lesser_pyramids,
          st_stairs_12
Lair:4:   cheibrodos_lair_overgrown_chateau, layout_layer_cave,
          kennysheep_abandoned_house
Lair:5:   evilmike_catoblepas_cave, layout_regular_city, slime_entry_1,
          lightli_volcano_entry_magma_tube, st_stairs_3, grunt_megastairs_2,
          uniq_rupert

Skill      XL: |  1  2  3  4  5  6  7  8  9 10 11 12 13 14 |
---------------+-------------------------------------------+-----
Spellcasting   | 3 4 5 7 8 10 11 | 11.5
Summonings     | 5 6 7 8 9 11 12 | 12.9
Hexes          | 1 2 3 4 5 |  5.0
Air Magic      | 3 5 10 12 | 12.4
Fighting       | 3 8 9 |  9.3
Dodging        | 3 7 8 |  8.8
Transmutations | 6 8 |  8.0
Stealth        | |  1.7

Action                     |  1- 3 |  4- 6 |  7- 9 | 10-12 | 13-15 || total
---------------------------+-------+-------+-------+-------+-------++-------
  Melee: Unarmed           |    56 |    11 |    51 |    88 |     7 ||   213
         Punch             |       |       |       |     1 |     1 ||     2
         War axe           |       |       |       |       |    53 ||    53
   Cast: Summon Small Mamm |    33 |    19 |    55 |    10 |     1 ||   118
         Call Imp          |     9 |     7 |    23 |     7 |     1 ||    47
         Call Canine Famil |     4 |    19 |    57 |    87 |    37 ||   204
         Summon Guardian G |       |       |    29 |    66 |    43 ||   138
         Summon Lightning  |       |       |     8 |    55 |    39 ||   102
         Summon Cactus Gia |       |       |       |    25 |    79 ||   104
 Invoke: Call Merchant     |       |       |       |       |     2 ||     2
    Use: Potion            |       |       |     1 |     1 |     1 ||     3
         Scroll            |       |       |       |    21 |     6 ||    27
   Stab: Paralysed         |     5 |     2 |     8 |     3 |     2 ||    20
         Petrifying        |       |       |       |       |     1 ||     1
 Armour: Robe              |    13 |     3 |    12 |    20 |    38 ||    86
  Dodge: Dodged            |    39 |    11 |    56 |    83 |    96 ||   285
  Block: Other             |       |       |       |    33 |    11 ||    44
         Reflection        |       |       |       |     2 |       ||     2

Table legend: (Time is in decaauts)
 A = Elapsed time spent in this place.
 B = Non-inter-level travel time spent in this place.
 C = Inter-level travel time spent in this place.
 D = Time resting spent in this place.
 E = Time spent auto-exploring this place.
 F = Levels seen in this place.
 G = Mean time per level.
                   A        B        C        D        E       F      G
               +--------+--------+--------+--------+--------+-----+--------+
         Total |  31148 |  29654 |   1494 |   7053 |  16779 |  20 | 1557.4 |
       Dungeon |  20606 |  19455 |   1151 |   3407 |  12303 |  12 | 1717.2 |
        Temple |     33 |     24 |      9 |      0 |     17 |   1 |   33.0 |
          Lair |   6678 |   6344 |    334 |    730 |   4116 |   5 | 1335.6 |
      Ice Cave |   3516 |   3516 |      0 |   2859 |    192 |   1 | 3516.0 |
       Volcano |    313 |    313 |      0 |     57 |    151 |   1 |  313.0 |
               +--------+--------+--------+--------+--------+-----+--------+

Top non-repeatable levels by time:
   IceCv: 3516 daAuts
     D:7: 2667 daAuts
    D:10: 2560 daAuts
     D:9: 2329 daAuts
    D:11: 2241 daAuts
    D:12: 2079 daAuts
  Lair:4: 1867 daAuts
     D:6: 1654 daAuts
     D:4: 1541 daAuts
     D:5: 1508 daAuts
  Lair:2: 1459 daAuts
  Lair:1: 1338 daAuts
     D:2: 1150 daAuts
  Lair:3: 1138 daAuts
     D:1: 1095 daAuts
